 Seeded DCSS version 0.30.1 (webtiles) character file.

Game seed: 4807559422394529962 (custom seed)

92 sircluck the Chopper (level 4, -5/41 HPs)
             Began as a Hill Orc Berserker on July 8, 2023.
             Was a Believer of Trog.
             Slain by a gnoll
             ... wielding a +0 spear
              (6 damage)
             ... on level 2 of the Dungeon.
             The game lasted 00:01:38 (1129 turns).

sircluck the Chopper (Hill Orc Berserker)           Turns: 1129, Time: 00:01:39

Health: -5/41      AC:  2    Str: 21    XL:     4   Next: 60%
Magic:  4/4        EV: 12    Int:  7    God:    Trog [**....]
Gold:   40         SH:  0    Dex: 10    Spells: 3/3 levels left

rFire   . . .        a - +0 hand axe
rCold   . . .        (no shield)
rNeg    . . .        b - +0 animal skin
rPois   .            (no helmet)
rElec   .            (no cloak)
rCorr   .            (no gloves)
SInv    .            (no boots)
Will    .....        (no amulet)
Stlth   +            (no ring)
HPRegen 0.26/turn    (no ring)
MPRegen 0.09/turn

%: no passive effects
@: no status effects
A: no striking features
a: Renounce Religion, Berserk, Trog's Hand


You were on level 2 of the Dungeon.
You worshipped Trog.
Trog was pleased with you.
You visited 1 branch of the dungeon, and saw 2 of its levels.

You collected 40 gold pieces.

Inventory:

Hand Weapons
 a - a +0 hand axe (weapon)
Missiles
 c - 10 stones (quivered)
 g - a throwing net
 k - 2 boomerangs
Armour
 b - a +0 animal skin (worn)
Scrolls
 d - 2 scrolls of fear {unknown}
 e - 2 scrolls of identify {unknown}
 f - a scroll of enchant weapon {unknown}
 l - a scroll of vulnerability {unknown}
 m - a scroll of magic mapping {unknown}
Potions
 h - 3 potions of heal wounds
 i - a potion of cancellation {unknown}
 j - a potion of flight {unknown}
 n - a potion of resistance {unknown}


   Skills:
 + Level 4.8 Fighting
 + Level 5.3 Axes
 + Level 2.5 Armour
 + Level 1.9 Dodging
 + Level 0.1 Stealth


You had 3 spell levels left.
You didn't know any spells.
Your spell library was empty.

Dungeon Overview and Level Annotations

Branches:
Dungeon (2/15)

Altars:
Sif Muna

Shops:
D:2 (


Message History

A bat comes into view.
The bat barely misses you. The bat closely misses you.
Things that are here:
a +0 whip; a hobgoblin corpse; a gnoll corpse The bat attacks as you move away!
The bat closely misses you. The bat barely misses you.
The bat hits you but does no damage. The bat misses you.
Things that are here:
a +0 spear; a gnoll corpse The bat attacks as you move away!
The bat barely misses you. The bat hits you but does no damage.
A quokka comes into view.
The bat barely misses you.
You hit the bat.
The bat is moderately wounded.
The bat hits you but does no damage.
You hit the bat but do no damage.
The bat is moderately wounded.
The bat hits you but does no damage.
The gnoll hits you from afar with a +0 spear.
* * * LOW HITPOINT WARNING * * *
The bat barely misses you. The gnoll barely misses you.
You miss the bat.
The bat is moderately wounded.
The bat barely misses you. The gnoll barely misses you.
An endoplasm comes into view.
You hit the bat but do no damage.
The bat is moderately wounded.
The bat hits you.
* * * LOW HITPOINT WARNING * * *
You closely miss the bat.
The bat is moderately wounded.
The bat barely misses you. The gnoll hits you with a +0 spear.
* * * LOW HITPOINT WARNING * * *
You hit the gnoll but do no damage. You hit the bat.
You kill the bat!
Trog accepts your kill. The gnoll hits you with a +0 spear.
You die...

....##.......
r...g.....# ...
#)#.###... ..
#....(#.._
#.##)###.... #.#
#(.)J# ?... #.#
####.###.#.# #.#
#g†...#.# #.#
####@#.###.#####.##
#....†.###........##
#.##.#.............#
.. #...............#
## ###.##########..#
#.# #####....## #.#
#........†. #.#
#.#......## ..#
#.#.##...##


You could see a gnoll and an endoplasm.

Vanquished Creatures
  3 adders (D:2)
  3 gnolls (D:2)
  2 dart slugs
  3 bats
  4 endoplasms
  4 goblins (D:1)
  A hobgoblin (D:2)
  4 jackals (D:2)
  2 quokkas (D:1)
  3 ball pythons
  4 rats (D:1)
33 creatures vanquished.

Notes
Turn   | Place    | Note
-------+----------+-------------------------------------------
     0 | D:1      | sircluck the Hill Orc Berserker began the quest for the
                  | Orb.
     0 | D:1      | Reached XP level 1. HP: 19/19 MP: 1/1
   109 | D:1      | Reached XP level 2. HP: 15/27 MP: 2/2
   827 | D:2      | Reached XP level 3. HP: 14/33 MP: 3/3
   879 | D:2      | Found Keamm's Weapon Shop.
   988 | D:2      | Reached ** piety under Trog
  1090 | D:2      | Reached XP level 4. HP: 41/41 MP: 4/4
  1090 | D:2      | Found a shimmering blue altar of Sif Muna.
  1102 | D:2      | Reached skill level 5 in Axes
  1128 | D:2      | HP: 1/41 [gnoll/+0 spear (5)]
  1129 | D:2      | Slain by a gnoll

Illustrated notes

Levels and vault maps discovered:
D:1:      lightli_molten_gateway, layout_basic
D:2:      layout_loops_ring, serial_shops, shop_scrolls, nicolae_shop_trees,
          shop, nicolae_shop_window_shopping, nicolae_shop_waterfront,
          basic_altar, minivault_26, minmay_randomly_rotated_circles, uniq_robin

Skill      XL: |  1  2  3  4 |
---------------+-------------+-----
Fighting       | 4 |  4.8
Axes           | 5 |  5.3
Armour         | |  2.5
Dodging        | |  1.9
Stealth        | |  0.1

Action                     |  1- 3 |  4- 6 || total
---------------------------+-------+-------++-------
  Melee: Hand axe          |    78 |    22 ||   100
         Punch             |     1 |       ||     1
    Use: Potion            |     1 |       ||     1
   Stab: Distracted        |     1 |       ||     1
 Armour: Animal skin       |     7 |     5 ||    12
  Dodge: Dodged            |    50 |    19 ||    69
